 Dungeon Crawl Stone Soup version 0.27-a0-661-gca034ae587 (webtiles) character file.

Game seed: 905942537860469331

123 Jerej03 the Magician (level 4, 0/24 HPs)
             Began as a Deep Elf Hedge Wizard on Mar 17, 2021.
             Slain by a worker ant (2 damage)
             ... on level 4 of the Dungeon.
             The game lasted 00:12:10 (3956 turns).

Jerej03 the Magician (Deep Elf Hedge Wizard)        Turns: 3956, Time: 00:12:11

Health: 0/24       AC:  5    Str:  7    XL:     4   Next: 80%
Magic:  5/14       EV: 12    Int: 20    God:
Gold:   160        SH:  0    Dex: 14    Spells: 9/15 levels left

rFire    . . .     SeeInvis .   p - +0 dagger (vamp)
rCold    + . .     Faith    .   (no shield)
rNeg     . . .     Spirit   .   f - +2 leather armour {rC+}
rPois    .         Reflect  .   c - +0 hat
rElec    .         Harm     .   (no cloak)
rCorr    .         Rampage  .   (no gloves)
Will     .....                  (no boots)
Stlth    ++........             (no amulet)
HPRegen  0.08/turn              (no ring)
MPRegen  0.14/turn              (no ring)

@: lethally poisoned (0 -> -4), very slightly contaminated
A: no striking features
a: no special abilities


You were on level 4 of the Dungeon.
You visited 1 branch of the dungeon, and saw 4 of its levels.

You collected 160 gold pieces.

Inventory:

Hand Weapons
 a - a +0 dagger
 p - a +0 vampiric dagger (weapon)
Armour
 b - a +0 robe
 c - a +0 hat (worn)
 f - a +2 leather armour of cold resistance (worn)
 r - a +2 buckler
 s - a +1 robe of positive energy
Jewellery
 m - a +6 ring of intelligence
Scrolls
 d - 2 scrolls of enchant weapon {unknown}
 g - 4 scrolls of identify {unknown}
 i - 2 scrolls of teleportation
 j - 2 scrolls of fear {unknown}
 n - a scroll of magic mapping {unknown}
 o - 2 scrolls of noise {unknown}
Potions
 e - a potion of attraction {unknown}
 h - a potion of lignification
 k - a potion of haste {unknown}
 l - a potion of invisibility {unknown}
 q - a potion of berserk rage {unknown}


   Skills:
 + Level 1.2 Armour
 + Level 2.9 Dodging
 + Level 2.7 Stealth
 + Level 6.0 Spellcasting
 + Level 2.6 Conjurations
 + Level 1.1 Summonings
 + Level 1.1 Translocations
 + Level 0.2 Air Magic


You had 9 spell levels left.
You knew the following spells:

 Your Spells              Type           Power      Damage    Failure   Level
a - Magic Dart            Conj           64%        1d6       4%          1
b - Blink                 Tloc           N/A        N/A       14%         2
c - Mephitic Cloud        Conj/Pois/Air  9%         N/A       30%         3

Your spell library contained the following spells:

 Spells                   Type           Power      Damage    Failure   Level
 Call Imp                 Summ           10%        N/A       14%         2
 Slow                     Hex            6%         N/A       22%         2
 Conjure Flame            Conj/Fire      11%        6-21      26%         3


Dungeon Overview and Level Annotations

Branches:
Dungeon (4/15)
 Temple: D:4-7

Altars:
Kikubaaqudgha


Message History

The magic dart hits the worker ant but does no damage.
The worker ant is severely wounded.
The worker ant bites you.
* * * LOW HITPOINT WARNING * * *
You are lethally poisoned!
The worker ant poisons you!
Casting: Magic Dart (safe; 4% risk of failure)
Confirm with . or Enter, or press ? or * to list all spells.
Aiming: Magic Dart (safe; 4% risk of failure)
Press: ? - help, Shift-Dir - straight line, f/p - worker ant
Aim: a worker ant (severely wounded, 0% to evade)
The magic dart hits the worker ant.
The worker ant is severely wounded.
* * * LOW HITPOINT WARNING * * *
You feel sick. The worker ant barely misses you.
Okay, then.
Casting: Magic Dart (safe; 4% risk of failure)
Confirm with . or Enter, or press ? or * to list all spells.
You miscast Blink.
You are very lightly contaminated with residual magic.
Nothing appears to happen.
* * * LOW HITPOINT WARNING * * *
You feel sick.
The worker ant bites you but does no damage.
Casting: Blink (safe; 14% risk of failure)
Confirm with . or Enter, or press ? or * to list all spells.
You blink.
A scorpion comes into view.
The scorpion moves out of view.
* * * LOW HITPOINT WARNING * * *
You feel sick.
Found a knobbly smoking staff.
You hit the worker ant but do no damage.
The worker ant is severely wounded.
The worker ant bites you but does no damage.
You hit the worker ant but do no damage.
The worker ant is severely wounded.
* * * LOW HITPOINT WARNING * * *
You feel sick. The worker ant bites you.
You die...

#......... ..........
#.......... .........#
#..........o ........
............##.s....#
..............#....## #
<.........###.#.....##.|
#..#..#.. #............
...# ##. #...B........
...# #........#@.......
...# ......#.####.......
..###......## .......
...#...... .......
......... #......
...#####.## ......
..#####.(.. #.###.
...#....... ## ......#


You could see a scorpion, a worker ant and an orc.

Vanquished Creatures
  An orc wizard (D:3)
  2 adders (D:2)
  A white imp (D:3)
  A dart slug (D:2)
  3 leopard geckos
  6 orcs
  2 ball pythons (D:1)
  7 bats
  4 giant cockroaches
  9 goblins
  5 hobgoblins
  5 jackals
  A frilled lizard (D:1)
  5 kobolds
  7 rats
59 creatures vanquished.

Notes
Turn   | Place    | Note
-------+----------+-------------------------------------------
     0 | D:1      | Jerej03 the Deep Elf Hedge Wizard began the quest for the
                  | Orb.
     0 | D:1      | Reached XP level 1. HP: 10/10 MP: 7/7
   350 | D:1      | Reached skill level 5 in Spellcasting
   350 | D:1      | Reached XP level 2. HP: 15/15 MP: 6/10
  1233 | D:2      | Reached XP level 3. HP: 19/19 MP: 4/11
  2386 | D:3      | Found an ancient bone altar of Kikubaaqudgha.
  2614 | D:3      | Reached XP level 4. HP: 22/24 MP: 8/13
  2692 | D:3      | Learned a level 2 spell: Blink
  2696 | D:3      | Learned a level 3 spell: Mephitic Cloud
  2860 | D:3      | Reached skill level 1 in Armour
  3805 | D:4      | Noticed an ogre
  3806 | D:4      | Reached skill level 6 in Spellcasting
  3845 | D:4      | Noticed an ogre
  3956 | D:4      | Slain by a worker ant

Illustrated notes

Levels and vault maps discovered:
D:1:      matt_arrival_grand_opening, layout_rooms
D:2:      layout_basic
D:3:      layout_loops_ring, nicolae_kikubaaqudgha_miasma_corner,
          kennysheep_generic_room_10
D:4:      layout_cave_pools, minmay_temple_entry_large_hall

Skill      XL: |  1  2  3  4 |
---------------+-------------+-----
Spellcasting   | 5 6 |  6.0
Armour         | 1 |  1.2
Conjurations   | 2 |  2.6
Dodging        | |  2.9
Stealth        | |  2.7
Summonings     | |  1.1
Translocations | |  1.1
Air Magic      | |  0.2

Action                   |  1- 3 |  4- 6 || total
-------------------------+-------+-------++-------
Melee: Dagger            |    33 |    41 ||    74
 Cast: Magic Dart        |   117 |    53 ||   170
       Mephitic Cloud    |       |     2 ||     2
       Blink             |       |     1 ||     1
  Use: Scroll            |     1 |     1 ||     2
       Potion            |       |     1 ||     1
Armor: Leather armour    |    25 |    15 ||    40
       Skin              |       |    18 ||    18
Dodge: Dodged            |    43 |    26 ||    69

Table legend: (Time is in decaauts)
 A = Elapsed time spent in this place.
 B = Non-inter-level travel time spent in this place.
 C = Inter-level travel time spent in this place.
 D = Time resting spent in this place.
 E = Time spent auto-exploring this place.
 F = Levels seen in this place.
 G = Mean time per level.
                   A        B        C        D        E       F      G
               +--------+--------+--------+--------+--------+-----+--------+
         Total |   3954 |   3854 |    100 |    688 |   2666 |   4 |  988.5 |
       Dungeon |   3954 |   3854 |    100 |    688 |   2666 |   4 |  988.5 |
               +--------+--------+--------+--------+--------+-----+--------+

Top non-repeatable levels by time:
     D:3: 1630 daAuts
     D:2: 1162 daAuts
     D:1: 990 daAuts
     D:4: 171 daAuts
